cohdb
Replays
Latest Replays
All Replays
Popular Replays
Top Player Replays
Match Explorer
How It Works
Community
CoH3 Stats
Reddit
Sign in to upload your games and track your stats! →
Sign in with Steam
Match 41467683
Unlisted
Match 41467683
Overview
Messages
Build Orders
End
Royal Engineer Section
Construct Section Command Post
Selects Canadian Shock Battlegroup
Infantry Section
Vickers Machine Gun Team
Infantry Section
Construct Platoon Command Post
Humber Armored Car
Selects Attacking Spirit
Selects Canadian Shock Section
Selects Incendiary Munitions
CMP 15cwt Truck
Infantry Training
Grenade Package
Unlock M3 Stuart Light Tanks
Selects Smoke Operation
J_Shizlet
Kazven
Steelcurrent
只有框A才能打败框A
Vitruc
SAMIE T
0
0
Comments
sign in to comment!
No comments posted yet!